 Dungeon Sprint DCSS version 0.31-a0-1555-g5715333c33 (webtiles) character file.

Game seed: 11953968660309550686

509 Conn the Arsonist (level 7, -3/50 HPs)
             Began as an Octopode Fire Elementalist on Jan 3, 2024.
             Slain by a wyvern (19 damage)
             ... in the Dungeon (Sprint II: "The Violet Keep of Menkaure").
             The game lasted 00:01:54 (86 turns).

Conn the Arsonist (Octopode Fire Elementalist)        Turns: 86, Time: 00:01:55

Health: -3/50      AC:  1    Str:  7    XL:     7   Next: 19%
Magic:  0/15       EV: 15    Int: 20    God:
Gold:   243        SH:  0    Dex: 12    Spells: 6/16 levels left

rFire   . .          .
                       - Unarmed
rCold   . . .        (no shield)
rNeg    . . .        (helmet restricted)
rPois   .            (no amulet)
rElec   .            (no ring)
rCorr   .            (no ring)
SInv    .            (no ring)
Will    .....        (no ring)
Stlth   ++++         (no ring)
HPRegen 0.28/turn    (no ring)
MPRegen 0.14/turn    (no ring)
                     (no ring)

%: no teleportation
@: no status effects
A: almost no armour, amphibious, 8 rings, camouflage 1, gelatinous body 1,
(nimble swimmer 1), tentacles
a: no special abilities


You were in the Dungeon.
You visited 1 branch You collected 243 gold pieces.

Inventory:

Scrolls
 f - a scroll of blinking
Potions
 a - 3 potions of magic
 b - a potion of curing
 c - a potion of heal wounds


   Skills:
 + Level 5.2 Fighting
 + Level 6.1 Dodging
 - Level 5.0 Stealth
 - Level 2.3 Unarmed Combat
 + Level 5.4 Spellcasting
 * Level 4.5 Conjurations
 + Level 10.1 Fire Magic


You had 6 spell levels left.
You knew the following spells:

 Your Spells              Type           Power      Damage    Failure   Level
a - Foxfire               Conj/Fire      100%       2x1d9     1%          1
b - Scorch                Fire           90%        2d8       1%          2
c - Inner Flame           Hex/Fire       25%        N/A       4%          3
d - Flame Wave            Conj/Fire      34%        2d10      5%          4

Your spell library contained the following spells:

 Spells                   Type           Power      Damage    Failure   Level
 Volatile Blastmotes      Fire/Tloc      50%        2d14      4%          3


Dungeon Overview and Level Annotations

Branches:
Dungeon (1/1)

Altars:

Shops:
D =[:=*!*=([[:!=?

Annotations:
D exclusion: oklob plant


Innate Abilities, Weirdness & Mutations

You cannot wear most types of armour.
You are amphibious.
You can wear up to eight rings at the same time.
Your skin changes colour to match your surroundings (Stealth+).
Your rubbery body absorbs attacks. (AC +1, EV +1)
((You are camouflaged when in or above water. (Stealth+)))
You have tentacles for arms and can constrict up to eight enemies at once.


Message History

You are engulfed in a cloud of scalding steam.
The wyvern closely misses you.
The wyvern is engulfed in a cloud of scalding steam.
The wyvern closely misses you.
Casting: Scorch (safe; 1% risk of failure)
Confirm with . or Enter, or press ? or * to list all spells.
Casting: Flame Wave (dangerous; 5% risk of failure)
Press: ? - help, Dir - look around, f - activate A wave of flame ripples out!
The flame wave engulfs the wyvern!
The wyvern is burned terribly!
The wyvern is heavily wounded. (Press . to intensify the flame waves.)
You are engulfed in a cloud of scalding steam.
The wyvern is engulfed in a cloud of scalding steam.
The wyvern closely misses you.
Unknown command.
You tentacle-slap the wyvern but do no damage.
Your squeeze misses the wyvern.
The wyvern is heavily wounded.
You are engulfed in a cloud of scalding steam.
The wyvern is no longer more vulnerable to fire.
The wyvern is engulfed in a cloud of scalding steam.
The wyvern closely misses you.
The wyvern is engulfed in a cloud of scalding steam.
The wyvern bites you.
Unknown command.
You completely miss the wyvern.
You squeeze the wyvern, but do no damage.
The wyvern is almost dead.
The wyvern bites you!
Unknown command.
You aren't carrying any items that you can evoke.
Okay, then.
Unknown command.
Unknown command.
You tentacle-slap the wyvern but do no damage.
Your squeeze misses the wyvern.
The wyvern is severely wounded.
The wyvern bites you!!
You die...

#########~~~...
........#~~~~.#
...⌠....#~~~~#
..∩.∩...#~~~~
.∩.∩.∩..#~~# # #
∩...∩.∩.#~# .# #+#
.## .∩...∩.∩#§#.#
##.##.m.#
∩.....∩.@§'# +.<.+$#
.......∩#k#$#
##.##...#
▓▓▓▓▓▓###~##.###†##
.##
?.G######~~####...##
# )$$ ##~~~#..#..#
∩P #+#~##.#.## § [
#~~##'##~~~§
##~~~~~~~§~~≈
#+++#+++#§≈§


You could see a great orb of eyes, an oklob plant and a wyvern.

Vanquished Creatures
  A wyvern (D)
  Menkaure (D)
  4 necrophages (D)
6 creatures vanquished.

Vanquished Creatures (others)
  4 foxfires (D)
4 creatures vanquished.

Grand Total: 10 creatures vanquished

Notes
Turn   | Place    | Note
-------+----------+-------------------------------------------
     0 | D        | Conn the Octopode Fire Elementalist began the quest for the
                  | Orb.
     0 | D        | Reached XP level 1. HP: 11/11 MP: 3/3
     2 | D        | Noticed a merfolk siren
     5 | D        | Noticed a necrophage
     5 | D        | Noticed a necrophage
     5 | D        | Noticed a necrophage
     5 | D        | Noticed a necrophage
     9 | D        | Killed a necrophage
    10 | D        | Reached skill level 5 in Fire Magic
    10 | D        | Reached XP level 2. HP: 21/21 MP: 4/6
    10 | D        | Reached XP level 3. HP: 26/26 MP: 4/7
    10 | D        | Reached XP level 4. HP: 31/31 MP: 4/8
    13 | D        | Killed a necrophage
    14 | D        | Reached skill level 1 in Unarmed Combat
    14 | D        | Reached skill level 6 in Fire Magic
    14 | D        | Reached XP level 5. HP: 37/37 MP: 4/10
    19 | D        | Reached skill level 7 in Fire Magic
    24 | D        | Reached skill level 5 in Fighting
    24 | D        | Reached skill level 5 in Dodging
    24 | D        | Reached skill level 5 in Stealth
    24 | D        | Reached skill level 8 in Fire Magic
    24 | D        | Reached XP level 6. HP: 37/45 MP: 5/12
    32 | D        | Learned a level 2 spell: Scorch
    36 | D        | Learned a level 3 spell: Inner Flame
    41 | D        | Learned a level 4 spell: Flame Wave
    59 | D        | Found Hochetyra's Magic Scroll Shop.
    60 | D        | Found Ceehoxit's Distillery.
    60 | D        | Found Ziesyx's Jewellery Boutique.
    61 | D        | Found Yjuehu's Antique Armour Shop.
    61 | D        | Found Zevatwugh's Book Shop.
    62 | D        | Found Jejest's Antique Weapon Boutique.
    62 | D        | Found Ciaseofa's Antique Armour Boutique.
    63 | D        | Found Nohiq's Assorted Antiques.
    63 | D        | Found Ampywna's Jewellery Shop.
    64 | D        | Found Wethrouch's Distillery.
    67 | D        | Found Zilon's General Store.
    67 | D        | Found Bouba's Jewellery Boutique.
    67 | D        | Noticed Menkaure
    67 | D        | Noticed a great orb of eyes
    67 | D        | Noticed an oklob plant
    72 | D        | Killed Menkaure
    73 | D        | Reached skill level 5 in Spellcasting
    73 | D        | Reached skill level 9 in Fire Magic
    74 | D        | Found Hohaginte's Armour Shop.
    74 | D        | Found Aqish's Jewellery Boutique.
    74 | D        | Found Uskis's Book Shoppe.
    78 | D        | Noticed a wyvern
    78 | D        | Noticed a wyvern
    81 | D        | Killed a wyvern
    82 | D        | Reached skill level 10 in Fire Magic
    82 | D        | Reached XP level 7. HP: 46/50 MP: 6/15
    86 | D        | Slain by a wyvern

Illustrated notes

Levels and vault maps discovered:
D:        the_violet_keep_of_menkaure [sprint2_stairs_cluster_1,
          sprint2_shoproom, sprint2_temple, sprint2_basic_supplies,
          sprint2_obstacle_5, sprint2_obstacle_1, sprint2_obstacle_4,
          sprint2_obstacle_7, sprint2_obstacle_3, sprint2_timed_cluster_1,
          sprint2_smallroom_cluster_1, sprint2_smallroom_final_cluster_1,
          sprint2_transparent_cluster_1, sprint2_second_timed_cluster_1,
          sprint2_sniper_area_1, sprint2_heavy_combat_area_1,
          sprint2_mutation_trap_area_1, sprint2_forest_area_1,
          sprint2_light_combat_area_1, sprint2_behind_water_1,
          sprint2_near_end_vault_1]

Skill      XL: |  1  2  3  4  5  6 |
---------------+-------------------+-----
Fighting       | 3 5 |  5.2
Dodging        | 3 4 5 6 |  6.1
Stealth        | 3 4 5 |  5.0
Spellcasting   | 3 4 5 |  5.4
Fire Magic     | 5 6 8 10 | 10.1
Unarmed Combat | 1 2 |  2.3
Conjurations   | 4 |  4.5

Action                     |  1- 3 |  4- 6 |  7- 9 || total
---------------------------+-------+-------+-------++-------
  Melee: Unarmed           |     3 |    14 |     3 ||    20
         Tentacles         |     2 |     5 |     1 ||     8
         Constrict         |     1 |     3 |       ||     4
   Cast: Foxfire           |       |     3 |       ||     3
         Scorch            |       |     2 |     1 ||     3
         Flame Wave        |       |       |     1 ||     1
    Use: Potion            |     2 |       |       ||     2
 Armour: Skin              |     1 |     5 |     6 ||    12
  Dodge: Dodged            |       |     4 |     4 ||     8

Table legend: (Time is in decaauts)
 A = Elapsed time spent in this place.
 B = Non-inter-level travel time spent in this place.
 C = Inter-level travel time spent in this place.
 D = Time resting spent in this place.
 E = Time spent auto-exploring this place.
 F = Levels seen in this place.
 G = Mean time per level.
                   A        B        C        D        E       F      G
               +--------+--------+--------+--------+--------+-----+--------+
         Total |     81 |     81 |      0 |     17 |      0 |   1 |   81.0 |
       Dungeon |     81 |     81 |      0 |     17 |      0 |   1 |   81.0 |
               +--------+--------+--------+--------+--------+-----+--------+

Top non-repeatable levels by time:
       D: 81 daAuts
